 Dungeon Crawl Stone Soup version 0.32-a0-886-g41c5271027 (webtiles) character file.

Game seed: 13820563987651402948

4545 garrulousMonolith the Cleaver (level 10, -4/86 HPs)
             Began as a Mountain Dwarf Fighter on Apr 2, 2024.
             Was a Priest of Beogh.
             Slain by Ortolf the orc apostle
             ... wielding a +0 glaive of protection
              (5 damage)
             ... on level 9 of the Dungeon.
             The game lasted 00:11:00 (8658 turns).

garrulousMonolith the Cleaver (MDFi)                Turns: 8658, Time: 00:11:00

Health: -4/86      AC: 17    Str: 25    XL:     10   Next: 17%
Magic:  15/15      EV:  6    Int: 11    God:    Beogh [***...]
Gold:   379        SH:  6    Dex: 11    Spells: 9/9 levels left

rFire   . . .        q - +0 short sword (elec)
rCold   . . .        c - +1 buckler
rNeg    + . .        E - +0 plate armour
rPois   +            o - +0 helmet
rElec   .            z - +1 cloak {rPois}
rCorr   .            (no gloves)
SInv    .            (no boots)
Will    +....        A - amulet of regeneration Stlth
                     n - +6 ring of strength
HPRegen 1.14/turn    l - ring of positive energy
MPRegen 0.14/turn

%: no passive effects
@: slowed, very slow
A: runic magic, artefact enchanting
a: Renounce Religion, Smiting


You were on level 9 of the Dungeon.
You worshipped Beogh.
Beogh was most pleased with you.
You visited 1 branch of the dungeon, and saw 9 of its levels.
You also visited: Ossuary.

You collected 379 gold pieces.

Inventory:

Hand Weapons
 a - a +1 war axe
 e - a +0 dagger of venom
 q - a +0 short sword of electrocution (weapon)
 u - the +2 falchion "Moudex" {drain, rC+}
   (You found it on level 3 of the Dungeon)

   rC+:       It protects you from cold.
Missiles
 s - 14 poisoned darts (quivered)
Armour
 b - a +0 scale mail
 c - a +1 buckler (worn)
 o - a +0 helmet (worn)
 z - a +1 cloak of poison resistance (worn)
 E - a +0 plate armour (worn)
Jewellery
 d - the ring "Derihevi" {Fly rElec rF+ Will- Dex+7}
   (You found it on level 7 of the Dungeon)

   [ring of protection from fire]

   Dex+7:     It affects your dexterity (+7).
   rF+:       It protects you from fire.
   rElec:     It insulates you from electricity.
   Will-:     It decreases your willpower.
   Fly:       It grants you flight.
 k - a ring of see invisible
 l - a ring of positive energy (right hand)
 m - a ring of magical power
 n - a +6 ring of strength (left hand)
 t - a +4 ring of protection
 A - an amulet of regeneration (around neck)
Wands
 g - a wand of polymorph (6)
 y - a wand of iceblast (2)
 B - a wand of digging (13)
Scrolls
 f - 6 scrolls of teleportation
 h - a scroll of enchant armour
 i - 3 scrolls of fog
 p - 4 scrolls of amnesia
 r - a scroll of immolation
 w - a scroll of identify
 x - a scroll of blinking
Potions
 j - a potion of resistance
 v - 2 potions of mutation
 C - a potion of might
 D - a potion of magic


   Skills:
 + Level 7.5 Fighting
 * Level 10.7 Axes
 + Level 7.5 Armour
 + Level 7.2 Shields
 + Level 7.7 Invocations


You had 9 spell levels left.
You didn't know any spells.
Your spell library contained the following spells:

 Spells                   Type           Power      Damage    Failure   Level
 Sandblast                Erth           0%         2d4       58%         1
 Ensorcelled Hibernation  Hex/Ice        0%         N/A       75%         2
 Passwall                 Erth           0%         N/A       92%         3
 Stone Arrow              Conj/Erth      0%         3d7       92%         3
 Swiftness                Air            0%         N/A       92%         3
 Tukima's Dance           Hex            0%         N/A       92%         3
 Brom's Barrelling Bould  Conj/Erth      0%         2d3       100%        4
 Passage of Golubria      Tloc           0%         N/A       100%        4
 Yara's Violent Unravell  Hex/Alch       0%         3d3       100%        5


Dungeon Overview and Level Annotations

Branches:
Dungeon (9/15)             Temple (0/1) D:6            Lair (0/5) D:9
Ossuary (visited)
    Orc: D:9-12

Altars:
Cheibriados
Elyvilon
Nemelex Xobeh
Yredelemnul

Shops:
D:5 :

Portals:
Bailey: D:9

Annotations:
D:7 Jeremiah


Innate Abilities, Weirdness & Mutations

Your facial features look somewhat orcish.
Your spellcasting is much less encumbered by armour.
You can use scrolls of enchantment on lesser artefacts.


Message History

Okay, then.
Aiming: Polymorph
Press: ? - help, Shift-Dir - straight line, f - you
Okay, then.
Aiming: Polymorph
Press: ? - help, Shift-Dir - straight line, f - Ortolf
Aim: Ortolf the orc apostle, wielding a +0 glaive of protection and wearing a +3 scale mail (empowered by the touch of Beogh, not susceptible)
Okay, then.
It was a potion of magic.
Magic courses through your body.
Ortolf hits you from afar with a +0 glaive of protection.
* * * LOW HITPOINT WARNING * * *
Okay, then.
Blink to where?
Press: ? - help, Dir - move target
As you read the scroll of blinking, it crumbles to dust.
Ortolf attacks as they pursue you!
Ortolf hits you from afar with a +0 glaive of protection!
* * * LOW HITPOINT WARNING * * *
Ortolf hits you from afar with a +0 glaive of protection!
* * * LOW HITPOINT WARNING * * *
Aiming: Iceblast
Press: ? - help, Shift-Dir - straight line, f - Ortolf
Aim: Ortolf the orc apostle, wielding a +0 glaive of protection and wearing a +3 scale mail (empowered by the touch of Beogh)
The mass of ice explodes!
The iceblast engulfs Ortolf!
Ortolf is lightly wounded.
You hear an angry buzzing noise. x3
Ortolf hits you from afar with a +0 glaive of protection.
* * * LOW HITPOINT WARNING * * *
Aiming: Iceblast
Press: ? - help, Shift-Dir - straight line, f/p - Ortolf
Aim: Ortolf the orc apostle, wielding a +0 glaive of protection and wearing a +3 scale mail (lightly wounded, empowered by the touch of Beogh)
The mass of ice explodes!
The iceblast engulfs Ortolf.
Ortolf is lightly wounded.
You hear an angry buzzing noise. x2
Ortolf hits you from afar with a +0 glaive of protection.
* * * LOW HITPOINT WARNING * * *
A killer bee comes into view.
Ortolf hits you from afar with a +0 glaive of protection.
You die...
Beogh appreciates Ortolf's killing of a heretic priest.

**,,** **,,_,,,,** *,,** #..**
*#.,$$$.,** *,,*
..#**##..**../#* *..#
..###..#***#$.# #..# ..##..#*
#..# #..# ..#..#* #..# #..#
.....# #..## ##..## .....#
#...#####....#### .....###
##....@.o....y...##
.......####...######........#*
#............## #.........**
##..#######..# #.~~~~~~~.,*
*#### ##.# ##.~#####~.,** *
#.# *#..~#)..#~,*,* * #.#
*#.#§~.)∩.#~,*,* *
*#.#**#.##.~#)..#~,*,*
******[..*#?.*#.~#####~,,,*


You could see Ortolf the orc apostle (divinely empowered) and a killer bee.

Vanquished Creatures
  Pikel (D:6)
  Maggie (D:6)
  A hornet (D:7)
  Grinder (D:4)
  Sigmund (D:5)
  A wraith (D:9)
  A steam dragon (D:5)
  An orc warrior (D:9)
  A water moccasin (D:7)
  2 ice beasts
  A sky beast (D:5)
  A black bear (D:8)
  An ogre (D:6)
  2 centaurs
  2 phantoms (D:4)
  A weeping skull (Ossuary)
  2 elf zombies (Ossuary)
  2 gnoll sergeants (D:6)
  2 kobold brigands
  3 bullfrogs
  2 scorpions
  3 wights (D:7)
  2 burial acolytes (Ossuary)
  2 howler monkeys
  3 centaur zombies (Ossuary)
  A human zombie (Ossuary)
  2 jellies
  An orc priest (D:4)
  A bombardier beetle (D:5)
  4 hounds
  2 iguanas
  2 sleepcaps
  Terence (D:2)
  5 hound zombies (Ossuary)
  2 mummies (Ossuary)
  11 gnolls
  6 adders
  3 ufetubi
  2 ribbon worms
  7 orcs
  3 bats
  An endoplasm (D:1)
  2 giant cockroaches (D:3)
  7 gnoll zombies (Ossuary)
  10 goblins
  8 hobgoblins
  7 jackals (D:4)
  4 quokkas
  6 ball pythons
  5 frilled lizards
  8 kobolds
  3 orc zombies (Ossuary)
  6 rats
160 creatures vanquished.

Vanquished Creatures (others)
  A black bear (D:6)
  An ufetubus (D:6)
2 creatures vanquished.

Grand Total: 162 creatures vanquished

Notes
Turn   | Place    | Note
-------+----------+-------------------------------------------
     0 | D:1      | garrulousMonolith the Mountain Dwarf Fighter began the
                  | quest for the Orb.
     0 | D:1      | Reached XP level 1. HP: 19/19 MP: 1/1
   239 | D:1      | Reached XP level 2. HP: 21/26 MP: 2/2
   282 | D:1      | Found a faded altar of an unknown god.
   627 | D:2      | Noticed Terence
   655 | D:2      | Reached skill level 3 in Axes
   655 | D:2      | Reached skill level 1 in Invocations
   663 | D:2      | Killed Terence
   664 | D:2      | Reached XP level 3. HP: 14/31 MP: 2/4
   954 | D:2      | Found a white marble altar of Elyvilon.
  1082 | D:2      | Reached XP level 4. HP: 40/40 MP: 5/5
  1461 | D:3      | Became a worshipper of Beogh the Shepherd
  1762 | D:3      | Reached skill level 4 in Axes
  1762 | D:3      | Reached XP level 5. HP: 34/46 MP: 6/6
  1972 | D:3      | Identified the +2 falchion "Moudex" {drain, rC+}
  2227 | D:4      | Noticed a phantom
  2245 | D:4      | Killed a phantom
  2382 | D:4      | Found a snail-covered altar of Cheibriados.
  2486 | D:4      | Reached XP level 6. HP: 52/52 MP: 8/8
  2579 | D:4      | Reached * piety under Beogh
  2580 | D:4      | Reached skill level 5 in Axes
  3272 | D:5      | Entered Level 5 of the Dungeon
  3272 | D:5      | Noticed an ice beast
  3289 | D:4      | Killed an ice beast
  3290 | D:4      | Reached XP level 7. HP: 39/60 MP: 9/9
  3639 | D:4      | Reached skill level 6 in Axes
  3747 | D:5      | Noticed Sigmund
  3909 | D:5      | Killed Sigmund
  3909 | D:5      | Noticed Grinder
  3910 | D:5      | Reached skill level 5 in Fighting
  3910 | D:5      | Reached skill level 5 in Armour
  3918 | D:4      | Paralysed by Grinder for 3 turns
  3924 | D:4      | Killed Grinder
  3925 | D:4      | Reached skill level 5 in Shields
  3925 | D:4      | Reached XP level 8. HP: 16/68 MP: 11/11
  4219 | D:5      | Reached skill level 7 in Axes
  4434 | D:5      | Reached skill level 5 in Invocations
  4461 | D:5      | Found Woavvo's Self-Improvement Boutique.
  4475 | D:5      | Found a basalt altar of Yredelemnul.
  4581 | D:5      | Found a sparkling altar of Nemelex Xobeh.
  4673 | D:5      | Found a runed translucent door.
  4674 | D:5      | Noticed Crazy Yiuf
  4823 | D:5      | Crazy Yiuf changed into Crazy Yiuf the goblin
  4823 | D:5      | Noticed Crazy Yiuf
  4832 | D:5      | Killed Crazy Yiuf the goblin
  4975 | D:6      | Found a sand-covered staircase.
  4982 | Ossuary  | Entered an ossuary
  5013 | Ossuary  | Reached ** piety under Beogh
  5052 | Ossuary  | Found an ancient bone altar of Kikubaaqudgha.
  5237 | Ossuary  | Reached skill level 8 in Axes
  5481 | D:6      | Found a staircase to the Ecumenical Temple.
  5487 | D:6      | Noticed Maggie
  5714 | D:5      | Reached XP level 9. HP: 30/75 MP: 13/13
  5892 | D:6      | Killed Maggie
  6144 | D:6      | Reached skill level 9 in Axes
  7036 | D:7      | Noticed Jeremiah
  7102 | D:7      | Noticed Maurice
  7103 | D:7      | Maurice changed into Maurice the hornet
  7103 | D:7      | Noticed Maurice
  7113 | D:7      | Killed Maurice the hornet
  7113 | D:7      | Noticed Pikel
  7142 | D:6      | Killed Pikel
  7143 | D:6      | Reached skill level 10 in Axes
  7538 | D:7      | Identified the ring "Derihevi" {Fly rElec rF+ Will- Dex+7}
  7851 | D:7      | Reached XP level 10. HP: 76/86 MP: 15/15
  8458 | D:8      | Identified the +1 cloak "Isuun" {-Cast +Inv Slay-5 SInv}
  8630 | D:9      | Reached *** piety under Beogh
  8637 | D:9      | Found a flagged portal.
  8657 | D:9      | HP: 1/86 [Ortolf the orc apostle/+0 glaive of protection
                  | (5)]
  8658 | D:9      | Slain by Ortolf the orc apostle

Illustrated notes

Levels and vault maps discovered:
D:1:      noname_arrival_rooms_in_the_neighbourhood, layout_rooms,
          ebering_ecumenical_altar_webs, wander_ebering_terrifying_dragon_lair
D:2:      layout_basic, basic_altar, uniq_terence
D:3:      layout_loops_cross
D:4:      layout_cave_pods, mainiacjoe_overflow_concentric_impassable,
          st_stairs_9, nicolae_zig_zag_zippers
D:5:      layout_rooms, lemuel_tele_altar, nemelex_diamond_rough_becter,
          nicolae_shop_self_help, uniq_sigmund, uniq_grinder,
          uniq_crazy_yiuf_cottage, uniq_eustachio
D:6:      layout_cave_pools, minmay_temple_entry_butterflies, serial_glass,
          glass_columns_b, glass_columns_c,
          lightli_ossuary_entry_decrepit_ruins, uniq_maggie
D:7:      layout_rooms, uniq_jeremiah, uniq_pikel, uniq_maurice
D:8:      layout_rooms, minmay_holes
D:9:      layout_layer_cave, nicolae_gozag_seed_capital, lair_entry_dummy,
          enter_bailey_3

Skill      XL: |  1  2  3  4  5  6  7  8  9 |
---------------+----------------------------+-----
Axes           | 3 4 5 6 8 10 | 10.7
Invocations    | 1 2 3 4 6 7 |  7.7
Fighting       | 4 5 6 7 |  7.5
Armour         | 4 5 6 7 |  7.5
Shields        | 4 5 6 7 |  7.2

Action                     |  1- 3 |  4- 6 |  7- 9 | 10-12 || total
---------------------------+-------+-------+-------+-------++-------
  Melee: War axe           |    77 |   162 |   260 |       ||   499
         Short sword       |       |       |    66 |    93 ||   159
         Dagger            |       |       |    45 |       ||    45
  Throw: Dart              |       |       |     2 |       ||     2
 Invoke: Convert to Beogh  |       |     1 |       |       ||     1
         Smiting           |       |       |     1 |       ||     1
  Evoke: Wand              |       |       |     2 |     2 ||     4
    Use: Potion            |     3 |     2 |     5 |     1 ||    11
         Scroll            |     1 |     2 |    12 |     4 ||    19
 Armour: Scale mail        |    76 |   132 |   315 |    82 ||   605
         Steam dragon scal |       |       |    11 |       ||    11
         Plate armour      |       |       |       |    47 ||    47
  Dodge: Dodged            |    34 |    70 |   166 |    54 ||   324
  Block: Buckler           |    21 |    31 |   114 |    38 ||   204

Table legend: (Time is in decaauts)
 A = Elapsed time spent in this place.
 B = Non-inter-level travel time spent in this place.
 C = Inter-level travel time spent in this place.
 D = Time resting spent in this place.
 E = Time spent auto-exploring this place.
 F = Levels seen in this place.
 G = Mean time per level.
                   A        B        C        D        E       F      G
               +--------+--------+--------+--------+--------+-----+--------+
         Total |   8827 |   8601 |    226 |   2235 |   4556 |  10 |  882.7 |
       Dungeon |   8336 |   8110 |    226 |   2235 |   4266 |   9 |  926.2 |
       Ossuary |    490 |    490 |      0 |      0 |    290 |   1 |  490.0 |
               +--------+--------+--------+--------+--------+-----+--------+

Top non-repeatable levels by time:
     D:4: 1897 daAuts
     D:5: 1450 daAuts
     D:6: 1152 daAuts
     D:7: 1027 daAuts
     D:2: 885 daAuts
     D:3: 757 daAuts
     D:1: 600 daAuts
 Ossuary: 490 daAuts
     D:8: 432 daAuts
     D:9: 134 daAuts
